WCHLSIM.com - West Coast Hockey League
html PUBLIC "-//W3C//DTD XHTML 1.0 Transitional//EN" "http://www.w3.org/TR/xhtml1/DTD/xhtml1-transitional.dtd"> WCHL - Game 1222 - SEATTLE GRUNGE vs NORTH DAKOTA HAWKS

SEATTLE GRUNGE vs NORTH DAKOTA HAWKS

Created - 12 avril 2024 at 05:58

Goals
1 2 3 T
SEATTLE GRUNGE 0 0 1 1
NORTH DAKOTA HAWKS 0 2 3 5
Shots
1 2 3 T
SEATTLE GRUNGE 5 13 7 25
NORTH DAKOTA HAWKS 12 19 20 51

1st period

No Goal

Penalties :
William Borgen (SEA) for Roughing (Minor) at 10:21

2nd period

1. NORTH DAKOTA HAWKS , Jack Hughes 20 (Ryan Hartman 21, Jason Robertson 39) at 8:05
2. NORTH DAKOTA HAWKS , Nick Foligno 9 (Frederick Gaudreau 24, Damon Severson 21) at 9:58

Penalties :
Alexey Toropchenko (SEA) for Cross-checking (Minor) at 3:16, Warren Foegele (SEA) for Hooking (Minor) at 18:12

3rd period

3. NORTH DAKOTA HAWKS , Jack Hughes 21 (Cale Makar 55, Jason Robertson 40) at 1:27
4. NORTH DAKOTA HAWKS , Frederick Gaudreau 20 (Nick Foligno 15, Mathew Dumba 8) at 11:38
5. SEATTLE GRUNGE , Warren Foegele 11 (Travis Sanheim 34, Brett Kulak 17) at 13:17
6. NORTH DAKOTA HAWKS , Cale Makar 14 (Frederick Gaudreau 25) at 13:55

Penalties :
Ryan Lindgren (NDH) for Holding Stick (Minor) at 0:59, Radim Simek (SEA) for Hooking (Minor) at 0:59

Goalie Stats

Casey DeSmith (SEA), 46 saves from 51 shots - (0,902), L, 2-7-1, 60:00 minutes
Alex Nedeljkovic (NDH), 24 saves from 25 shots - (0,960), W, 9-9-2, 60:00 minutes

Players Stats for SEATTLE GRUNGE

Player Name              G  A  P  +/- PIM S  H  SB GA TA FO     MP     PP MP  PK MP  
------------------------------------------------------------------------------------
Alexey Toropchenko       0  0  0  -1  2   1  0  0  0  0  0/0     7:47   0:00   1:59 
Brett Kulak              0  1  1  -1  0   0  1  0  0  0  0/0    23:03   0:00   3:28 
Chris Tierney            0  0  0  -1  0   1  0  0  0  0  0/0     5:49   0:00   0:00 
Curtis Lazar             0  0  0  -1  0   0  0  0  0  0  6/17    8:45   0:00   2:56 
Jakub Vrana              0  0  0  -1  0   1  0  0  0  0  0/1    12:52   0:00   0:50 
Jimmy Vesey              0  0  0  -1  0   2  2  0  0  0  0/0    15:10   0:00   3:08 
Kaiden Guhle             0  0  0  -2  0   1  2  5  0  0  0/0    21:27   0:00   2:38 
Matthew Poitras          0  0  0   1  0   0  1  0  0  0  9/21   16:13   0:00   0:00 
Morgan Geekie            0  0  0   1  0   1  1  0  0  0  0/0    16:13   0:00   0:00 
Nick Seeler              0  0  0  -1  0   0  3  1  0  0  0/0    16:04   0:00   1:00 
Radim Simek              0  0  0  -2  2   0  1  0  0  0  0/0    17:55   0:00   0:14 
Sean Monahan             0  0  0  -3  0   2  1  1  0  0  20/35  19:11   0:00   0:00 
Travis Boyd              0  0  0  -1  0   1  0  0  0  0  11/18  12:50   0:00   0:00 
Travis Sanheim           0  1  1  -1  0   2  2  0  0  0  0/0    23:17   0:00   2:48 
Tyler Seguin             0  0  0  -3  0   3  0  0  0  0  2/3    19:11   0:00   0:00 
Warren Foegele           1  0  1   1  2   4  1  0  0  0  0/0    16:12   0:00   0:00 
William Borgen           0  0  0  -1  2   1  1  2  0  0  0/0    18:12   0:00   1:46 
William Nylander         0  0  0  -2  0   5  0  1  0  0  3/7    21:49   0:00   3:01 

Players Stats for NORTH DAKOTA HAWKS

Player Name              G  A  P  +/- PIM S  H  SB GA TA FO     MP     PP MP  PK MP  
------------------------------------------------------------------------------------
Beck Malenstyn           0  0  0   0  0   1  0  0  0  0  0/0     7:12   0:00   0:00 
Cale Makar               1  1  2   2  0   5  0  2  0  0  0/0    25:45   3:20   0:00 
Damon Severson           0  1  1   2  0   1  0  0  0  0  0/0    21:50   2:37   0:00 
Emil Bemstrom            0  0  0   3  0   3  0  0  0  0  1/1    14:48   3:20   0:00 
Erik Johnson             0  0  0   0  0   0  1  0  0  0  0/0    12:25   0:00   0:00 
Frederick Gaudreau       1  2  3   3  0   7  0  0  0  0  14/21  14:29   3:01   0:00 
Garnet Hathaway          0  0  0   0  0   0  1  0  0  0  2/2     7:12   0:00   0:00 
Jack Hughes              2  0  2   1  0   7  0  0  0  0  6/22   21:29   2:37   0:00 
Jake DeBrusk             0  0  0   0  0   8  1  1  0  0  0/0    19:27   2:56   0:00 
Jason Robertson          0  2  2   1  0   2  1  0  0  0  2/4    21:53   3:01   0:00 
Jonas Siegenthaler       0  0  0   2  0   1  1  0  0  0  0/0    22:25   0:00   0:00 
Justin Danforth          0  0  0   0  0   2  1  1  0  0  18/36  19:27   2:56   0:00 
Mathew Dumba             0  1  1   0  0   0  1  4  0  0  0/0    13:23   0:00   0:00 
Nick Foligno             1  1  2   3  0   1  1  0  0  0  1/2    11:28   0:00   0:00 
Nico Sturm               0  0  0   0  0   1  0  0  0  0  6/10    7:12   0:00   0:00 
Reyley Smith             0  0  0   0  0   9  0  0  0  0  0/2    18:54   2:56   0:00 
Ryan Hartman             0  1  1   0  0   1  5  0  0  0  1/2    20:27   3:01   0:00 
Ryan Lindgren            0  0  0   2  2   2  2  0  0  0  0/0    18:14   0:00   0:00 

3 Stars

1 - Frederick Gaudreau (NDH)
2 - Nick Foligno (NDH)
3 - Jack Hughes (NDH)

Power Play

SEATTLE GRUNGE - 0 on 0 Attempt(s) - 0,00%
NORTH DAKOTA HAWKS - 0 on 3 Attempt(s) - 0,00%

Penalty Kill

SEATTLE GRUNGE - 3 on 3 Attempt(s) - 100,00% - Score 0 goal in Penalty Kill
NORTH DAKOTA HAWKS - 0 on 0 Attempt(s) - 0,00% - Score 0 goal in Penalty Kill

Team Stat

SEATTLE GRUNGE - Hits : 16 - Faceoff Wins : 51 - Blocked Shots : 10 - Penalty Minutes : 8
NORTH DAKOTA HAWKS - Hits : 15 - Faceoff Wins : 51 - Blocked Shots : 8 - Penalty Minutes : 2

Official

Referees : Mike Sheehan and Adam Bloski
Linesman : Kyle Allen and Vaughan Rody

Game Notes

No Game Note

Finance

Level 1 -- Attendance: 5749 (95,82%) -- Ticket Income 919 840 $
Level 2 -- Attendance: 5000 (100,00%) -- Ticket Income 550 000 $
Level 3 -- Attendance: 2000 (100,00%) -- Ticket Income 180 000 $
Level 4 -- Attendance: 4000 (100,00%) -- Ticket Income 240 000 $
Luxury Box -- Attendance: 1000 (100,00%) -- Ticket Income 295 000 $
Total Attendance: 17749 (98,61%)
Total Ticket Income: 2 184 840 $
Other Expense: 21 848 $
Total Income: 2 162 992 $

SEATTLE GRUNGE

5 vs 5 Forward 
   Center                   Left Wing                Right Wing               Time % Phy DF OF 
 1 Sean Monahan             Tyler Seguin             William Nylander         36     1   2  2  
 2 Matthew Poitras          Warren Foegele           Morgan Geekie            31     1   2  2  
 3 Travis Boyd              Jakub Vrana              Jimmy Vesey              23     1   2  2  
 4 Curtis Lazar             Chris Tierney            Alexey Toropchenko       10     1   2  2  

5 vs 5 Defense 
   Defense                  Defense                                           Time % Phy DF OF 
 1 Travis Sanheim           Brett Kulak                                       37     1   2  2  
 2 Kaiden Guhle             Radim Simek                                       34     1   2  2  
 3 William Borgen           Nick Seeler                                       29     1   2  2  
 4 Kaiden Guhle             Travis Sanheim                                    0      1   2  2  

PowerPlay Forward 
   Center                   Left Wing                Right Wing               Time % Phy DF OF 
 1 Sean Monahan             Tyler Seguin             William Nylander         55     1   2  2  
 2 Matthew Poitras          Warren Foegele           Morgan Geekie            45     1   2  2  

PowerPlay Defense
   Defense                  Defense                                           Time % Phy DF OF 
 1 Travis Sanheim           William Borgen                                    55     1   2  2  
 2 Kaiden Guhle             Brett Kulak                                       45     1   2  2  

Penalty Kill 4 Players Forward 
   Center                   Wing                     Time % Phy DF OF 
 1 Curtis Lazar             Jimmy Vesey              55     1   2  2  
 2 William Nylander         Alexey Toropchenko       45     1   2  2  

Penalty Kill 4 Players Defense
   Defense                  Defense                  Time % Phy DF OF 
 1 William Borgen           Brett Kulak              55     1   2  2  
 2 Kaiden Guhle             Travis Sanheim           45     1   2  2  

Penalty Kill - 3 Players Forward 
   Forward                                           Time % Phy DF OF 
 1 Curtis Lazar                                      55     1   2  2  
 2 William Nylander                                  45     1   2  2  

Penalty Kill - 3 Players Defense
   Defense                  Defense                  Time % Phy DF OF 
 1 William Borgen           Brett Kulak              55     1   2  2  
 2 Kaiden Guhle             Travis Sanheim           45     1   2  2  

4 vs 4 Forward 
   Center                   Wing                     Time % Phy DF OF 
 1 Tyler Seguin             Sean Monahan             55     1   2  2  
 2 Travis Boyd              William Nylander         45     1   2  2  

4 vs 4 Defense
   Defense                  Defense                  Time % Phy DF OF 
 1 Travis Sanheim           Brett Kulak              55     1   2  2  
 2 Kaiden Guhle             William Borgen           45     1   2  2  

Last Minutes Offensive
   Center                   Left Wing                Right Wing               Defense                  Defense                  
   Sean Monahan             Tyler Seguin             William Nylander         Travis Boyd              Brett Kulak              

Last Minutes Defensive
   Center                   Left Wing                Right Wing               Defense                  Defense                  
   Sean Monahan             Tyler Seguin             William Nylander         Travis Boyd              Brett Kulak              

Goaltenders
Starting : Casey DeSmith            
Backup : Karel Vejmelka           

Extra Forwards
Normal : Curtis Lazar, Jakub Vrana, Alexey Toropchenko - PP : Curtis Lazar, Jakub Vrana - PK : Alexey Toropchenko
Extra Defensemen
Normal : William Borgen, Nick Seeler, Kaiden Guhle - PP : William Borgen - PK : Nick Seeler, Kaiden Guhle
Penalty Shots
Alexey Toropchenko, William Nylander, Travis Boyd, Curtis Lazar, Jimmy Vesey
Custom OT Lines Forwards
William Nylander, Sean Monahan, Travis Boyd, Tyler Seguin, Jimmy Vesey, Morgan Geekie, Curtis Lazar, Jakub Vrana, Alexey Toropchenko, Travis Sanheim
Custom OT Lines Defensemen
Travis Boyd, Brett Kulak, Kaiden Guhle, Nick Seeler, William Borgen

Scratches
Connor Dewar (Healthy), Rem Pitlick (Healthy)

NORTH DAKOTA HAWKS

5 vs 5 Forward 
   Center                   Left Wing                Right Wing               Time % Phy DF OF 
 1 Jack Hughes              Jason Robertson          Ryan Hartman             32     0   2  3  
 2 Justin Danforth          Jake DeBrusk             Reyley Smith             30     0   3  2  
 3 Frederick Gaudreau       Nick Foligno             Emil Bemstrom            23     0   4  1  
 4 Nico Sturm               Beck Malenstyn           Garnet Hathaway          15     0   5  0  

5 vs 5 Defense 
   Defense                  Defense                                           Time % Phy DF OF 
 1 Jonas Siegenthaler       Cale Makar                                        42     0   4  1  
 2 Ryan Lindgren            Damon Severson                                    36     0   5  0  
 3 Mathew Dumba             Erik Johnson                                      12     0   5  0  
 4 Mathew Dumba             Erik Johnson                                      10     0   5  0  

PowerPlay Forward 
   Center                   Left Wing                Right Wing               Time % Phy DF OF 
 1 Justin Danforth          Jake DeBrusk             Reyley Smith             65     1   0  4  
 2 Frederick Gaudreau       Jason Robertson          Ryan Hartman             35     1   0  4  

PowerPlay Defense
   Defense                  Defense                                           Time % Phy DF OF 
 1 Emil Bemstrom            Cale Makar                                        65     0   0  5  
 2 Jack Hughes              Damon Severson                                    35     0   0  5  

Penalty Kill 4 Players Forward 
   Center                   Wing                     Time % Phy DF OF 
 1 Nico Sturm               Beck Malenstyn           55     0   4  1  
 2 Frederick Gaudreau       Justin Danforth          45     0   4  1  

Penalty Kill 4 Players Defense
   Defense                  Defense                  Time % Phy DF OF 
 1 Ryan Lindgren            Damon Severson           55     0   5  0  
 2 Jonas Siegenthaler       Erik Johnson             45     0   5  0  

Penalty Kill - 3 Players Forward 
   Forward                                           Time % Phy DF OF 
 1 Nico Sturm                                        55     0   5  0  
 2 Frederick Gaudreau                                45     0   5  0  

Penalty Kill - 3 Players Defense
   Defense                  Defense                  Time % Phy DF OF 
 1 Ryan Lindgren            Damon Severson           55     0   5  0  
 2 Jonas Siegenthaler       Erik Johnson             45     0   5  0  

4 vs 4 Forward 
   Center                   Wing                     Time % Phy DF OF 
 1 Jack Hughes              Jason Robertson          55     0   1  4  
 2 Justin Danforth          Jake DeBrusk             45     0   1  4  

4 vs 4 Defense
   Defense                  Defense                  Time % Phy DF OF 
 1 Jonas Siegenthaler       Cale Makar               55     0   1  4  
 2 Ryan Lindgren            Damon Severson           45     0   4  1  

Last Minutes Offensive
   Center                   Left Wing                Right Wing               Defense                  Defense                  
   Jack Hughes              Jake DeBrusk             Reyley Smith             Jonas Siegenthaler       Cale Makar               

Last Minutes Defensive
   Center                   Left Wing                Right Wing               Defense                  Defense                  
   Nico Sturm               Jake DeBrusk             Reyley Smith             Jonas Siegenthaler       Cale Makar               

Goaltenders
Starting : Alex Nedeljkovic         
Backup : Scott Wedgewood          

Extra Forwards
Normal : Justin Danforth, Nico Sturm, Nick Foligno - PP : Nick Foligno, Beck Malenstyn - PK : Ryan Hartman
Extra Defensemen
Normal : Mathew Dumba, Erik Johnson, Damon Severson - PP : Ryan Lindgren - PK : Mathew Dumba, Cale Makar
Penalty Shots
Jack Hughes, Jason Robertson, Ryan Hartman, Jake DeBrusk, Reyley Smith
Custom OT Lines Forwards
Jason Robertson, Jack Hughes, Ryan Hartman, Jake DeBrusk, Reyley Smith, Frederick Gaudreau, Nico Sturm, Justin Danforth, Nick Foligno, Emil Bemstrom
Custom OT Lines Defensemen
Cale Makar, Jonas Siegenthaler, Ryan Lindgren, Damon Severson, Erik Johnson

Scratches
Alex Belzile (Strained Right Knee Injury), Paul Stastny (Healthy), Ben Hutton (Healthy), Nick Suzuki (Right Ankle Injury), Nick Blankenburg (Healthy)
Linus Ullmark (Healthy)

% Time on Ice - SEATTLE GRUNGE

Lines # - Real PCT - Wanted PCT - Time Play
Normal Forward
1 - 35% - 36% - 18:00
2 - 31% - 31% - 16:13
3 - 23% - 23% - 12:02
4 - 11% - 10% - 5:49
Normal Defense
1 - 35% - 37% - 18:24
2 - 34% - 34% - 17:40
3 - 29% - 29% - 15:06
4 - 2% - 0% - 0:54
PP Forward
1 - 0% - 55%
2 - 0% - 45%
PP Defense
1 - 0% - 55%
2 - 0% - 45%
PK Forward
1 - 49% - 55% - 2:56
2 - 51% - 45% - 3:01
PK Defense
1 - 62% - 55% - 3:42
2 - 38% - 45% - 2:15
PK3 Forward
1 - 0% - 55%
2 - 0% - 45%
PK3 Defense
1 - 0% - 55%
2 - 0% - 45%
44 Forward
1 - 60% - 55% - 1:11
2 - 40% - 45% - 0:48
44 Defense
1 - 60% - 55% - 1:11
2 - 40% - 45% - 0:48
Last Minute Offensive  - 0:00
Last Minute Defensive  - 0:00
Total
Forward - 60:00
Defense - 60:00

% Time on Ice - NORTH DAKOTA HAWKS

Lines # - Real PCT - Wanted PCT - Time Play
Normal Forward
1 - 33% - 32% - 17:26
2 - 31% - 30% - 15:58
3 - 22% - 23% - 11:28
4 - 14% - 15% - 7:12
Normal Defense
1 - 41% - 42% - 21:24
2 - 35% - 36% - 18:15
3 - 13% - 12% - 6:39
4 - 11% - 10% - 5:46
PP Forward
1 - 49% - 65% - 2:56
2 - 51% - 35% - 3:01
PP Defense
1 - 56% - 65% - 3:20
2 - 44% - 35% - 2:37
PK Forward
1 - 0% - 55%
2 - 0% - 45%
PK Defense
1 - 0% - 55%
2 - 0% - 45%
PK3 Forward
1 - 0% - 55%
2 - 0% - 45%
PK3 Defense
1 - 0% - 55%
2 - 0% - 45%
44 Forward
1 - 72% - 55% - 1:26
2 - 28% - 45% - 0:33
44 Defense
1 - 51% - 55% - 1:01
2 - 49% - 45% - 0:58
Last Minute Offensive  - 0:00
Last Minute Defensive  - 0:00
Total
Forward - 60:00
Defense - 60:00

Play-by-Play

1st period


0:01 of 1st period - Ryan Hartman wins face-off versus Sean Monahan in neutral zone.
0:11 of 1st period - Jason Robertson is hit by Travis Sanheim.
0:13 of 1st period - Shot by Jack Hughes.
0:13 of 1st period - Stopped by Casey DeSmith without a rebound.
0:14 of 1st period - Matthew Poitras wins face-off versus Justin Danforth in SEATTLE GRUNGE zone.
0:23 of 1st period - Shot by Morgan Geekie.
0:23 of 1st period - Shot Hit the Post.
0:30 of 1st period - Icing by Reyley Smith.
0:31 of 1st period - Justin Danforth wins face-off versus Travis Boyd in NORTH DAKOTA HAWKS zone.
0:31 of 1st period - Justin Danforth is hit by Jimmy Vesey.
0:54 of 1st period - Reyley Smith is hit by Nick Seeler and loses puck.
1:07 of 1st period - Shot by Jake DeBrusk.
1:07 of 1st period - Shot Misses the Net.
1:20 of 1st period - Icing by Jimmy Vesey.
1:21 of 1st period - Nico Sturm wins face-off versus Travis Boyd in SEATTLE GRUNGE zone.
1:54 of 1st period - Beck Malenstyn is hit by William Borgen and loses puck.
2:40 of 1st period - Off-side.
2:41 of 1st period - Frederick Gaudreau wins face-off versus Matthew Poitras in neutral zone.
2:52 of 1st period - Shot by Emil Bemstrom.
2:52 of 1st period - Stopped by Casey DeSmith without a rebound.
2:53 of 1st period - Justin Danforth wins face-off versus Sean Monahan in SEATTLE GRUNGE zone.
2:53 of 1st period - Justin Danforth is hit by Brett Kulak.
2:55 of 1st period - Shot by Cale Makar.
2:55 of 1st period - Shot Misses the Net.
3:07 of 1st period - Shot by Tyler Seguin.
3:07 of 1st period - Shot Blocked by Cale Makar.
3:13 of 1st period - Shot by William Nylander.
3:13 of 1st period - Shot Misses the Net.
3:15 of 1st period - Shot by Brett Kulak.
3:15 of 1st period - Shot Blocked by Jake DeBrusk.
3:24 of 1st period - Shot by William Nylander.
3:24 of 1st period - Stopped by Alex Nedeljkovic without a rebound.
3:25 of 1st period - Nick Foligno wins face-off versus Matthew Poitras in NORTH DAKOTA HAWKS zone.
3:40 of 1st period - Shot by Matthew Poitras.
3:40 of 1st period - Shot Misses the Net.
3:42 of 1st period - Shot by Matthew Poitras.
3:42 of 1st period - Shot Misses the Net.
3:44 of 1st period - Shot by Warren Foegele.
3:44 of 1st period - Stopped by Alex Nedeljkovic without a rebound.
3:45 of 1st period - Curtis Lazar wins face-off versus Jack Hughes in NORTH DAKOTA HAWKS zone.
3:58 of 1st period - Travis Sanheim is hit by Ryan Hartman.
5:01 of 1st period - Shot by Frederick Gaudreau.
5:01 of 1st period - Stopped by Casey DeSmith without a rebound.
5:02 of 1st period - Matthew Poitras wins face-off versus Justin Danforth in SEATTLE GRUNGE zone.
5:25 of 1st period - Shot by Jake DeBrusk.
5:25 of 1st period - Stopped by Casey DeSmith without a rebound.
5:26 of 1st period - Nico Sturm wins face-off versus Sean Monahan in SEATTLE GRUNGE zone.
5:27 of 1st period - Shot by Beck Malenstyn.
5:27 of 1st period - Stopped by Casey DeSmith without a rebound.
5:28 of 1st period - Frederick Gaudreau wins face-off versus Sean Monahan in SEATTLE GRUNGE zone.
5:49 of 1st period - Shot by Sean Monahan.
5:49 of 1st period - Shot Misses the Net.
5:51 of 1st period - Shot by William Borgen.
5:51 of 1st period - Stopped by Alex Nedeljkovic without a rebound.
5:52 of 1st period - Jack Hughes wins face-off versus Matthew Poitras in NORTH DAKOTA HAWKS zone.
6:34 of 1st period - Morgan Geekie is hit by Ryan Hartman and loses puck.
7:00 of 1st period - Icing by Erik Johnson.
7:01 of 1st period - Tyler Seguin wins face-off versus Jack Hughes in NORTH DAKOTA HAWKS zone.
7:36 of 1st period - Shot by Sean Monahan.
7:36 of 1st period - Shot Blocked by Mathew Dumba.
8:08 of 1st period - Shot by Reyley Smith.
8:08 of 1st period - Shot Misses the Net.
8:18 of 1st period - Shot by Reyley Smith.
8:18 of 1st period - Stopped by Casey DeSmith with a rebound.
8:20 of 1st period - Shot by Damon Severson.
8:20 of 1st period - Shot Misses the Net.
8:22 of 1st period - Shot by Ryan Lindgren.
8:22 of 1st period - Stopped by Casey DeSmith without a rebound.
8:23 of 1st period - Nico Sturm wins face-off versus Curtis Lazar in SEATTLE GRUNGE zone.
8:34 of 1st period - Shot by Garnet Hathaway.
8:34 of 1st period - Shot Misses the Net.
8:43 of 1st period - Icing by Cale Makar.
8:44 of 1st period - Sean Monahan wins face-off versus Nico Sturm in NORTH DAKOTA HAWKS zone.
8:50 of 1st period - William Nylander is hit by Jonas Siegenthaler and loses puck.
9:30 of 1st period - Icing by Nico Sturm.
9:31 of 1st period - Nico Sturm wins face-off versus Matthew Poitras in NORTH DAKOTA HAWKS zone.
9:45 of 1st period - Icing by Ryan Lindgren.
9:46 of 1st period - Travis Boyd wins face-off versus Frederick Gaudreau in NORTH DAKOTA HAWKS zone.
10:21 of 1st period - Minor Penalty to William Borgen for Roughing.
10:22 of 1st period - Curtis Lazar wins face-off versus Justin Danforth in SEATTLE GRUNGE zone.
11:46 of 1st period - Shot by Frederick Gaudreau.
11:46 of 1st period - Shot Blocked by Kaiden Guhle.
12:49 of 1st period - Shot by Warren Foegele.
12:49 of 1st period - Shot Misses the Net.
12:55 of 1st period - Shot by Warren Foegele.
12:55 of 1st period - Stopped by Alex Nedeljkovic without a rebound.
12:56 of 1st period - Justin Danforth wins face-off versus Sean Monahan in NORTH DAKOTA HAWKS zone.
13:03 of 1st period - Shot by Reyley Smith.
13:03 of 1st period - Stopped by Casey DeSmith without a rebound.
13:04 of 1st period - Sean Monahan wins face-off versus Justin Danforth in SEATTLE GRUNGE zone.
13:13 of 1st period - Kaiden Guhle is hit by Justin Danforth and loses puck.
13:30 of 1st period - Justin Danforth is hit by Kaiden Guhle and loses puck.
13:40 of 1st period - Reyley Smith is hit by Radim Simek and loses puck.
14:06 of 1st period - Icing by Nico Sturm.
14:07 of 1st period - Matthew Poitras wins face-off versus Nico Sturm in NORTH DAKOTA HAWKS zone.
15:03 of 1st period - Shot by Jack Hughes.
15:03 of 1st period - Stopped by Casey DeSmith without a rebound.
15:04 of 1st period - Travis Boyd wins face-off versus Reyley Smith in SEATTLE GRUNGE zone.
15:06 of 1st period - Icing by Jimmy Vesey.
15:07 of 1st period - Justin Danforth wins face-off versus Travis Boyd in SEATTLE GRUNGE zone.
15:07 of 1st period - Jake DeBrusk is hit by Nick Seeler and loses puck.
15:36 of 1st period - Shot by Travis Boyd.
15:36 of 1st period - Shot Misses the Net.
15:40 of 1st period - Shot by Travis Boyd.
15:40 of 1st period - Deflect By Jakub Vrana.
15:40 of 1st period - Stopped by Alex Nedeljkovic without a rebound.
15:41 of 1st period - Sean Monahan wins face-off versus Frederick Gaudreau in NORTH DAKOTA HAWKS zone.
15:55 of 1st period - Icing by Emil Bemstrom.
15:56 of 1st period - Matthew Poitras wins face-off versus Frederick Gaudreau in NORTH DAKOTA HAWKS zone.
16:51 of 1st period - Icing by William Nylander.
16:52 of 1st period - Sean Monahan wins face-off versus Jack Hughes in SEATTLE GRUNGE zone.
16:54 of 1st period - Icing by William Nylander.
16:55 of 1st period - Jack Hughes wins face-off versus Sean Monahan in SEATTLE GRUNGE zone.
17:20 of 1st period - Shot by Jason Robertson.
17:20 of 1st period - Stopped by Casey DeSmith without a rebound.
17:21 of 1st period - Justin Danforth wins face-off versus Travis Boyd in SEATTLE GRUNGE zone.
17:27 of 1st period - Shot by Reyley Smith.
17:27 of 1st period - Stopped by Casey DeSmith with a rebound.
17:29 of 1st period - Shot by Reyley Smith.
17:29 of 1st period - Stopped by Casey DeSmith without a rebound.
17:30 of 1st period - Justin Danforth wins face-off versus Matthew Poitras in SEATTLE GRUNGE zone.
17:47 of 1st period - Shot by Morgan Geekie.
17:47 of 1st period - Shot Misses the Net.
19:53 of 1st period - Off-side.
19:54 of 1st period - Garnet Hathaway wins face-off versus Curtis Lazar in neutral zone.
19:57 of 1st period - Alexey Toropchenko is hit by Garnet Hathaway and loses puck.
Goals for this period are 0 for SEATTLE GRUNGE vs 0 for NORTH DAKOTA HAWKS.
Shots for this period are 5 for SEATTLE GRUNGE vs 12 for NORTH DAKOTA HAWKS.

2nd period


0:01 of 2nd period - Sean Monahan wins face-off versus Justin Danforth in neutral zone.
0:12 of 2nd period - Shot by William Nylander.
0:12 of 2nd period - Shot Misses the Net.
0:14 of 2nd period - Shot by Sean Monahan.
0:14 of 2nd period - Stopped by Alex Nedeljkovic without a rebound.
0:15 of 2nd period - Travis Boyd wins face-off versus Jack Hughes in NORTH DAKOTA HAWKS zone.
0:21 of 2nd period - Travis Boyd is hit by Ryan Lindgren and loses puck.
0:24 of 2nd period - Shot by Jimmy Vesey.
0:24 of 2nd period - Stopped by Alex Nedeljkovic without a rebound.
0:25 of 2nd period - Justin Danforth wins face-off versus Sean Monahan in NORTH DAKOTA HAWKS zone.
0:39 of 2nd period - Shot by William Nylander.
0:39 of 2nd period - Stopped by Alex Nedeljkovic without a rebound.
0:40 of 2nd period - Travis Boyd wins face-off versus Jack Hughes in NORTH DAKOTA HAWKS zone.
0:42 of 2nd period - Jimmy Vesey is hit by Ryan Lindgren and loses puck.
1:07 of 2nd period - Shot by Jack Hughes.
1:07 of 2nd period - Shot Blocked by William Borgen.
1:59 of 2nd period - Shot by William Nylander.
1:59 of 2nd period - Stopped by Alex Nedeljkovic without a rebound.
2:00 of 2nd period - Frederick Gaudreau wins face-off versus Matthew Poitras in NORTH DAKOTA HAWKS zone.
2:00 of 2nd period - Frederick Gaudreau is hit by Warren Foegele.
2:13 of 2nd period - Shot by Nick Foligno.
2:13 of 2nd period - Shot Misses the Net.
2:17 of 2nd period - Shot by Frederick Gaudreau.
2:17 of 2nd period - Stopped by Casey DeSmith without a rebound.
2:18 of 2nd period - Nico Sturm wins face-off versus Sean Monahan in SEATTLE GRUNGE zone.
2:29 of 2nd period - Off-side.
2:30 of 2nd period - Matthew Poitras wins face-off versus Frederick Gaudreau in neutral zone.
2:41 of 2nd period - Shot by Nick Foligno.
2:41 of 2nd period - Shot Misses the Net.
2:43 of 2nd period - Shot by Damon Severson.
2:43 of 2nd period - Stopped by Casey DeSmith without a rebound.
2:44 of 2nd period - Justin Danforth wins face-off versus Sean Monahan in SEATTLE GRUNGE zone.
2:55 of 2nd period - Shot by Reyley Smith.
2:55 of 2nd period - Shot Blocked by Sean Monahan.
2:57 of 2nd period - Shot by Reyley Smith.
2:57 of 2nd period - Stopped by Casey DeSmith with a rebound.
2:59 of 2nd period - Shot by Cale Makar.
2:59 of 2nd period - Stopped by Casey DeSmith without a rebound.
3:00 of 2nd period - Jason Robertson wins face-off versus Curtis Lazar in SEATTLE GRUNGE zone.
3:16 of 2nd period - Minor Penalty to Alexey Toropchenko for Cross-checking.
3:17 of 2nd period - Justin Danforth wins face-off versus Curtis Lazar in SEATTLE GRUNGE zone.
3:28 of 2nd period - Shot by Jake DeBrusk.
3:28 of 2nd period - Shot Misses the Net.
3:34 of 2nd period - Shot by Reyley Smith.
3:34 of 2nd period - Shot Misses the Net.
3:36 of 2nd period - Shot by Jake DeBrusk.
3:36 of 2nd period - Deflect By Justin Danforth.
3:36 of 2nd period - Shot Misses the Net.
3:38 of 2nd period - Shot by Cale Makar.
3:38 of 2nd period - Shot Misses the Net.
3:40 of 2nd period - Shot by Cale Makar.
3:40 of 2nd period - Shot Misses the Net.
3:42 of 2nd period - Shot by Reyley Smith.
3:42 of 2nd period - Stopped by Casey DeSmith without a rebound.
3:43 of 2nd period - Frederick Gaudreau wins face-off versus William Nylander in SEATTLE GRUNGE zone.
4:42 of 2nd period - Icing by Cale Makar.
4:43 of 2nd period - Curtis Lazar wins face-off versus Justin Danforth in NORTH DAKOTA HAWKS zone.
5:10 of 2nd period - Shot by Jake DeBrusk.
5:10 of 2nd period - Stopped by Casey DeSmith without a rebound.
5:11 of 2nd period - Jason Robertson wins face-off versus William Nylander in SEATTLE GRUNGE zone.
6:29 of 2nd period - Shot by Jack Hughes.
6:29 of 2nd period - Shot Misses the Net.
6:31 of 2nd period - Shot by Jonas Siegenthaler.
6:31 of 2nd period - Shot Misses the Net.
6:33 of 2nd period - Shot by Jack Hughes.
6:33 of 2nd period - Stopped by Casey DeSmith without a rebound.
6:34 of 2nd period - Sean Monahan wins face-off versus Justin Danforth in SEATTLE GRUNGE zone.
6:49 of 2nd period - Shot by William Nylander.
6:49 of 2nd period - Deflect By Sean Monahan.
6:49 of 2nd period - Stopped by Alex Nedeljkovic without a rebound.
6:50 of 2nd period - Travis Boyd wins face-off versus Frederick Gaudreau in NORTH DAKOTA HAWKS zone.
6:55 of 2nd period - Shot by Jimmy Vesey.
6:55 of 2nd period - Shot Hit the Post.
7:29 of 2nd period - Shot by Emil Bemstrom.
7:29 of 2nd period - Shot Misses the Net.
7:31 of 2nd period - Shot by Emil Bemstrom.
7:31 of 2nd period - Stopped by Casey DeSmith without a rebound.
7:32 of 2nd period - Justin Danforth wins face-off versus Sean Monahan in SEATTLE GRUNGE zone.
7:37 of 2nd period - Shot by Reyley Smith.
7:37 of 2nd period - Stopped by Casey DeSmith with a rebound.
7:39 of 2nd period - Shot by Damon Severson.
7:39 of 2nd period - Shot Misses the Net.
7:41 of 2nd period - Shot by Reyley Smith.
7:41 of 2nd period - Stopped by Casey DeSmith without a rebound.
7:42 of 2nd period - Jack Hughes wins face-off versus Sean Monahan in SEATTLE GRUNGE zone.
8:05 of 2nd period - Shot by Jack Hughes.
8:05 of 2nd period - Goal by Jack Hughes - SEATTLE GRUNGE : 0 - NORTH DAKOTA HAWKS : 1.
8:06 of 2nd period - Matthew Poitras wins face-off versus Justin Danforth in neutral zone.
8:09 of 2nd period - Shot by Morgan Geekie.
8:09 of 2nd period - Shot Misses the Net.
8:29 of 2nd period - Shot by Morgan Geekie.
8:29 of 2nd period - Shot Hit the Post.
8:31 of 2nd period - Shot by Kaiden Guhle.
8:31 of 2nd period - Stopped by Alex Nedeljkovic without a rebound.
8:32 of 2nd period - Sean Monahan wins face-off versus Jack Hughes in NORTH DAKOTA HAWKS zone.
8:49 of 2nd period - Shot by Jason Robertson.
8:49 of 2nd period - Shot Blocked by William Nylander.
8:51 of 2nd period - Shot by Ryan Lindgren.
8:51 of 2nd period - Stopped by Casey DeSmith without a rebound.
8:52 of 2nd period - Curtis Lazar wins face-off versus Justin Danforth in SEATTLE GRUNGE zone.
8:52 of 2nd period - Curtis Lazar is hit by Jake DeBrusk.
8:58 of 2nd period - Shot by Alexey Toropchenko.
8:58 of 2nd period - Stopped by Alex Nedeljkovic without a rebound.
8:59 of 2nd period - Sean Monahan wins face-off versus Justin Danforth in NORTH DAKOTA HAWKS zone.
9:22 of 2nd period - Shot by Jake DeBrusk.
9:22 of 2nd period - Shot Misses the Net.
9:36 of 2nd period - Shot by William Nylander.
9:36 of 2nd period - Shot Misses the Net.
9:55 of 2nd period - Frederick Gaudreau is hit by Travis Sanheim and loses puck.
9:58 of 2nd period - Shot by Nick Foligno.
9:58 of 2nd period - Goal by Nick Foligno - SEATTLE GRUNGE : 0 - NORTH DAKOTA HAWKS : 2.
9:59 of 2nd period - Jack Hughes wins face-off versus Matthew Poitras in neutral zone.
10:08 of 2nd period - Shot by Ryan Hartman.
10:08 of 2nd period - Shot Misses the Net.
10:10 of 2nd period - Shot by Ryan Hartman.
10:10 of 2nd period - Shot Blocked by Kaiden Guhle.
10:30 of 2nd period - Shot by Jack Hughes.
10:30 of 2nd period - Shot Misses the Net.
10:32 of 2nd period - Shot by Damon Severson.
10:32 of 2nd period - Shot Misses the Net.
10:34 of 2nd period - Shot by Jack Hughes.
10:34 of 2nd period - Shot Blocked by Kaiden Guhle.
11:22 of 2nd period - Shot by Frederick Gaudreau.
11:22 of 2nd period - Stopped by Casey DeSmith without a rebound.
11:23 of 2nd period - Justin Danforth wins face-off versus Sean Monahan in SEATTLE GRUNGE zone.
11:24 of 2nd period - Shot by Cale Makar.
11:24 of 2nd period - Stopped by Casey DeSmith with a rebound.
11:34 of 2nd period - Shot by Jake DeBrusk.
11:34 of 2nd period - Stopped by Casey DeSmith without a rebound.
11:35 of 2nd period - Frederick Gaudreau wins face-off versus Curtis Lazar in SEATTLE GRUNGE zone.
11:47 of 2nd period - Travis Sanheim is hit by Erik Johnson.
12:01 of 2nd period - Shot by Travis Sanheim.
12:01 of 2nd period - Stopped by Alex Nedeljkovic without a rebound.
12:02 of 2nd period - Sean Monahan wins face-off versus Justin Danforth in NORTH DAKOTA HAWKS zone.
12:17 of 2nd period - Shot by Sean Monahan.
12:17 of 2nd period - Shot Blocked by Cale Makar.
12:19 of 2nd period - Shot by William Borgen.
12:19 of 2nd period - Shot Hit the Post.
13:11 of 2nd period - Shot by Morgan Geekie.
13:11 of 2nd period - Stopped by Alex Nedeljkovic with a rebound.
13:37 of 2nd period - Shot by Jason Robertson.
13:37 of 2nd period - Stopped by Casey DeSmith without a rebound.
13:38 of 2nd period - Frederick Gaudreau wins face-off versus Travis Boyd in SEATTLE GRUNGE zone.
13:48 of 2nd period - Travis Boyd is hit by Mathew Dumba and loses puck.
13:51 of 2nd period - Shot by Jimmy Vesey.
13:51 of 2nd period - Stopped by Alex Nedeljkovic without a rebound.
13:52 of 2nd period - William Nylander wins face-off versus Nico Sturm in NORTH DAKOTA HAWKS zone.
14:01 of 2nd period - Shot by Tyler Seguin.
14:01 of 2nd period - Stopped by Alex Nedeljkovic with a rebound.
14:05 of 2nd period - Shot by William Nylander.
14:05 of 2nd period - Shot Blocked by Mathew Dumba.
14:07 of 2nd period - Shot by Travis Sanheim.
14:07 of 2nd period - Stopped by Alex Nedeljkovic without a rebound.
14:08 of 2nd period - Travis Boyd wins face-off versus Frederick Gaudreau in NORTH DAKOTA HAWKS zone.
16:21 of 2nd period - Shot by William Nylander.
16:21 of 2nd period - Shot Misses the Net.
16:23 of 2nd period - Shot by Tyler Seguin.
16:23 of 2nd period - Stopped by Alex Nedeljkovic without a rebound.
16:24 of 2nd period - Garnet Hathaway wins face-off versus Matthew Poitras in NORTH DAKOTA HAWKS zone.
16:26 of 2nd period - Cale Makar is hit by Matthew Poitras.
17:01 of 2nd period - Cale Makar is hit by Kaiden Guhle and loses puck.
18:12 of 2nd period - Minor Penalty to Warren Foegele for Hooking.
18:13 of 2nd period - Frederick Gaudreau wins face-off versus William Nylander in SEATTLE GRUNGE zone.
18:51 of 2nd period - Icing by Jason Robertson.
18:52 of 2nd period - Frederick Gaudreau wins face-off versus Curtis Lazar in NORTH DAKOTA HAWKS zone.
19:19 of 2nd period - Shot by Jack Hughes.
19:19 of 2nd period - Shot Blocked by Nick Seeler.
19:21 of 2nd period - Shot by Jack Hughes.
19:21 of 2nd period - Stopped by Casey DeSmith with a rebound.
19:23 of 2nd period - Shot by Reyley Smith.
19:23 of 2nd period - Deflect By Justin Danforth.
19:23 of 2nd period - Stopped by Casey DeSmith without a rebound.
19:24 of 2nd period - Justin Danforth wins face-off versus Curtis Lazar in SEATTLE GRUNGE zone.
19:29 of 2nd period - Shot by Jack Hughes.
19:29 of 2nd period - Shot Misses the Net.
19:31 of 2nd period - Shot by Reyley Smith.
19:31 of 2nd period - Shot Misses the Net.
19:44 of 2nd period - Icing by Justin Danforth.
19:45 of 2nd period - William Nylander wins face-off versus Justin Danforth in NORTH DAKOTA HAWKS zone.
Goals for this period are 0 for SEATTLE GRUNGE vs 2 for NORTH DAKOTA HAWKS.
Shots for this period are 13 for SEATTLE GRUNGE vs 19 for NORTH DAKOTA HAWKS.

3rd period


0:01 of 3rd period - Curtis Lazar wins face-off versus Justin Danforth in neutral zone.
0:09 of 3rd period - Off-side.
0:10 of 3rd period - Justin Danforth wins face-off versus Curtis Lazar in neutral zone.
0:13 of 3rd period - Sean Monahan is hit by Ryan Hartman and loses puck.
0:17 of 3rd period - Icing by Kaiden Guhle.
0:18 of 3rd period - Jack Hughes wins face-off versus Sean Monahan in SEATTLE GRUNGE zone.
0:46 of 3rd period - Icing by Radim Simek.
0:47 of 3rd period - Sean Monahan wins face-off versus Frederick Gaudreau in SEATTLE GRUNGE zone.
0:47 of 3rd period - Sean Monahan is hit by Nick Foligno.
0:59 of 3rd period - Minor Penalty to Ryan Lindgren for Holding Stick.
0:59 of 3rd period - Minor Penalty to Radim Simek for Hooking.
1:00 of 3rd period - Tyler Seguin wins face-off versus Jack Hughes in NORTH DAKOTA HAWKS zone.
1:27 of 3rd period - Shot by Jack Hughes.
1:27 of 3rd period - Goal by Jack Hughes - SEATTLE GRUNGE : 0 - NORTH DAKOTA HAWKS : 3.
1:28 of 3rd period - Jack Hughes wins face-off versus Travis Boyd in neutral zone.
1:41 of 3rd period - Travis Boyd is hit by Jason Robertson and loses puck.
2:49 of 3rd period - Shot by Jake DeBrusk.
2:49 of 3rd period - Stopped by Casey DeSmith with a rebound.
3:01 of 3rd period - Shot by Nick Foligno.
3:01 of 3rd period - Shot Misses the Net.
3:15 of 3rd period - Shot by Chris Tierney.
3:15 of 3rd period - Stopped by Alex Nedeljkovic without a rebound.
3:16 of 3rd period - Matthew Poitras wins face-off versus Nico Sturm in NORTH DAKOTA HAWKS zone.
3:33 of 3rd period - Shot by Nico Sturm.
3:33 of 3rd period - Stopped by Casey DeSmith without a rebound.
3:34 of 3rd period - Justin Danforth wins face-off versus Curtis Lazar in SEATTLE GRUNGE zone.
4:07 of 3rd period - Shot by Justin Danforth.
4:07 of 3rd period - Stopped by Casey DeSmith with a rebound.
4:09 of 3rd period - Shot by Jake DeBrusk.
4:09 of 3rd period - Stopped by Casey DeSmith with a rebound.
4:11 of 3rd period - Shot by Jonas Siegenthaler.
4:11 of 3rd period - Shot Misses the Net.
4:17 of 3rd period - Shot by Jake DeBrusk.
4:17 of 3rd period - Stopped by Casey DeSmith without a rebound.
4:18 of 3rd period - Sean Monahan wins face-off versus Jason Robertson in SEATTLE GRUNGE zone.
4:36 of 3rd period - Shot by Jack Hughes.
4:36 of 3rd period - Stopped by Casey DeSmith without a rebound.
4:37 of 3rd period - Frederick Gaudreau wins face-off versus Matthew Poitras in SEATTLE GRUNGE zone.
4:52 of 3rd period - Shot by Frederick Gaudreau.
4:52 of 3rd period - Stopped by Casey DeSmith without a rebound.
4:53 of 3rd period - Sean Monahan wins face-off versus Jack Hughes in SEATTLE GRUNGE zone.
5:14 of 3rd period - Shot by Tyler Seguin.
5:14 of 3rd period - Deflect By William Nylander.
5:14 of 3rd period - Stopped by Alex Nedeljkovic without a rebound.
5:15 of 3rd period - Frederick Gaudreau wins face-off versus Matthew Poitras in NORTH DAKOTA HAWKS zone.
5:40 of 3rd period - Shot by Frederick Gaudreau.
5:40 of 3rd period - Stopped by Casey DeSmith with a rebound.
5:55 of 3rd period - Icing by Travis Sanheim.
5:56 of 3rd period - Matthew Poitras wins face-off versus Jason Robertson in SEATTLE GRUNGE zone.
5:56 of 3rd period - Matthew Poitras is hit by Ryan Hartman.
6:15 of 3rd period - Jonas Siegenthaler is hit by Morgan Geekie and loses puck.
7:08 of 3rd period - Off-side.
7:09 of 3rd period - Frederick Gaudreau wins face-off versus Sean Monahan in neutral zone.
7:09 of 3rd period - Frederick Gaudreau is hit by Sean Monahan.
7:16 of 3rd period - Icing by Kaiden Guhle.
7:17 of 3rd period - Sean Monahan wins face-off versus Justin Danforth in SEATTLE GRUNGE zone.
7:37 of 3rd period - Off-side.
7:38 of 3rd period - Frederick Gaudreau wins face-off versus Travis Boyd in neutral zone.
7:38 of 3rd period - Nick Foligno is hit by Jimmy Vesey and loses puck.
7:44 of 3rd period - Emil Bemstrom is hit by Nick Seeler and loses puck.
7:54 of 3rd period - Icing by William Borgen.
7:55 of 3rd period - Travis Boyd wins face-off versus Justin Danforth in SEATTLE GRUNGE zone.
8:10 of 3rd period - Shot by Travis Boyd.
8:10 of 3rd period - Shot Blocked by Justin Danforth.
8:13 of 3rd period - Icing by Jonas Siegenthaler.
8:14 of 3rd period - Justin Danforth wins face-off versus William Nylander in NORTH DAKOTA HAWKS zone.
8:19 of 3rd period - Shot by Jake DeBrusk.
8:19 of 3rd period - Shot Blocked by Kaiden Guhle.
8:21 of 3rd period - Shot by Cale Makar.
8:21 of 3rd period - Stopped by Casey DeSmith without a rebound.
8:22 of 3rd period - Sean Monahan wins face-off versus Ryan Hartman in SEATTLE GRUNGE zone.
8:47 of 3rd period - Shot by William Nylander.
8:47 of 3rd period - Shot Misses the Net.
8:54 of 3rd period - Icing by Damon Severson.
8:55 of 3rd period - Travis Boyd wins face-off versus Jack Hughes in NORTH DAKOTA HAWKS zone.
9:17 of 3rd period - Icing by Damon Severson.
9:18 of 3rd period - Curtis Lazar wins face-off versus Jack Hughes in NORTH DAKOTA HAWKS zone.
9:21 of 3rd period - Shot by Alexey Toropchenko.
9:21 of 3rd period - Shot Misses the Net.
9:27 of 3rd period - Shot by Alexey Toropchenko.
9:27 of 3rd period - Shot Misses the Net.
10:07 of 3rd period - Off-side.
10:08 of 3rd period - Sean Monahan wins face-off versus Nick Foligno in neutral zone.
10:15 of 3rd period - Shot by William Nylander.
10:15 of 3rd period - Deflect By Sean Monahan.
10:15 of 3rd period - Shot Misses the Net.
10:17 of 3rd period - Shot by Sean Monahan.
10:17 of 3rd period - Shot Blocked by Mathew Dumba.
10:23 of 3rd period - Shot by Sean Monahan.
10:23 of 3rd period - Shot Blocked by Mathew Dumba.
10:25 of 3rd period - Shot by Tyler Seguin.
10:25 of 3rd period - Stopped by Alex Nedeljkovic without a rebound.
10:26 of 3rd period - Travis Boyd wins face-off versus Justin Danforth in NORTH DAKOTA HAWKS zone.
10:31 of 3rd period - Shot by Travis Boyd.
10:31 of 3rd period - Stopped by Alex Nedeljkovic with a rebound.
11:06 of 3rd period - Shot by Jake DeBrusk.
11:06 of 3rd period - Shot Misses the Net.
11:28 of 3rd period - Shot by Nick Foligno.
11:28 of 3rd period - Shot Misses the Net.
11:38 of 3rd period - Shot by Frederick Gaudreau.
11:38 of 3rd period - Goal by Frederick Gaudreau - SEATTLE GRUNGE : 0 - NORTH DAKOTA HAWKS : 4.
11:39 of 3rd period - Sean Monahan wins face-off versus Jack Hughes in neutral zone.
11:48 of 3rd period - Shot by William Nylander.
11:48 of 3rd period - Stopped by Alex Nedeljkovic without a rebound.
11:49 of 3rd period - Sean Monahan wins face-off versus Jack Hughes in NORTH DAKOTA HAWKS zone.
13:17 of 3rd period - Shot by Warren Foegele.
13:17 of 3rd period - Goal by Warren Foegele - SEATTLE GRUNGE : 1 - NORTH DAKOTA HAWKS : 4.
13:18 of 3rd period - Frederick Gaudreau wins face-off versus Curtis Lazar in neutral zone.
13:36 of 3rd period - Shot by Frederick Gaudreau.
13:36 of 3rd period - Stopped by Casey DeSmith with a rebound.
13:53 of 3rd period - Shot by Frederick Gaudreau.
13:53 of 3rd period - Shot Misses the Net.
13:55 of 3rd period - Shot by Cale Makar.
13:55 of 3rd period - Goal by Cale Makar - SEATTLE GRUNGE : 1 - NORTH DAKOTA HAWKS : 5.
13:56 of 3rd period - Justin Danforth wins face-off versus Sean Monahan in neutral zone.
14:06 of 3rd period - Icing by Travis Sanheim.
14:07 of 3rd period - Nico Sturm wins face-off versus Tyler Seguin in SEATTLE GRUNGE zone.
15:18 of 3rd period - Shot by Cale Makar.
15:18 of 3rd period - Stopped by Casey DeSmith with a rebound.
15:20 of 3rd period - Shot by Cale Makar.
15:20 of 3rd period - Deflect By Jake DeBrusk.
15:20 of 3rd period - Stopped by Casey DeSmith with a rebound.
15:22 of 3rd period - Shot by Jake DeBrusk.
15:22 of 3rd period - Stopped by Casey DeSmith with a rebound.
15:24 of 3rd period - Shot by Jonas Siegenthaler.
15:24 of 3rd period - Stopped by Casey DeSmith without a rebound.
15:25 of 3rd period - Frederick Gaudreau wins face-off versus Matthew Poitras in SEATTLE GRUNGE zone.
15:32 of 3rd period - Shot by Frederick Gaudreau.
15:32 of 3rd period - Shot Blocked by William Borgen.
15:58 of 3rd period - Shot by Matthew Poitras.
15:58 of 3rd period - Shot Misses the Net.
16:00 of 3rd period - Shot by Warren Foegele.
16:00 of 3rd period - Stopped by Alex Nedeljkovic without a rebound.
16:01 of 3rd period - Travis Boyd wins face-off versus Justin Danforth in NORTH DAKOTA HAWKS zone.
16:09 of 3rd period - Icing by Jake DeBrusk.
16:10 of 3rd period - Justin Danforth wins face-off versus Curtis Lazar in NORTH DAKOTA HAWKS zone.
16:21 of 3rd period - Shot by Jake DeBrusk.
16:21 of 3rd period - Shot Blocked by Kaiden Guhle.
16:23 of 3rd period - Shot by Reyley Smith.
16:23 of 3rd period - Shot Misses the Net.
16:54 of 3rd period - Shot by Reyley Smith.
16:54 of 3rd period - Stopped by Casey DeSmith without a rebound.
16:55 of 3rd period - William Nylander wins face-off versus Jack Hughes in SEATTLE GRUNGE zone.
16:55 of 3rd period - William Nylander is hit by Ryan Hartman.
17:09 of 3rd period - Shot by Ryan Hartman.
17:09 of 3rd period - Stopped by Casey DeSmith without a rebound.
17:10 of 3rd period - Emil Bemstrom wins face-off versus Matthew Poitras in SEATTLE GRUNGE zone.
17:42 of 3rd period - Shot by Emil Bemstrom.
17:42 of 3rd period - Stopped by Casey DeSmith without a rebound.
17:43 of 3rd period - Sean Monahan wins face-off versus Jack Hughes in SEATTLE GRUNGE zone.
18:01 of 3rd period - Icing by William Nylander.
18:02 of 3rd period - Sean Monahan wins face-off versus Reyley Smith in SEATTLE GRUNGE zone.
18:15 of 3rd period - Icing by Nick Seeler.
18:16 of 3rd period - Sean Monahan wins face-off versus Jack Hughes in SEATTLE GRUNGE zone.
18:20 of 3rd period - Off-side.
18:21 of 3rd period - Justin Danforth wins face-off versus Jakub Vrana in neutral zone.
18:29 of 3rd period - Icing by Travis Sanheim.
18:30 of 3rd period - Travis Boyd wins face-off versus Jack Hughes in SEATTLE GRUNGE zone.
19:44 of 3rd period - Icing by Cale Makar.
19:45 of 3rd period - Matthew Poitras wins face-off versus Justin Danforth in NORTH DAKOTA HAWKS zone.
Goals for this period are 1 for SEATTLE GRUNGE vs 3 for NORTH DAKOTA HAWKS.
Shots for this period are 7 for SEATTLE GRUNGE vs 20 for NORTH DAKOTA HAWKS.


BLAKE
WHEELER
STEVEN
STAMKOS
DREW
DOUGHTY

EAST COAST

HOCKEY LEAGUE

  • 63.RHI2PIT5
  • 64.WOR4ATL3
  • 65.QUECHW
  • 66.CHATRV